 Dungeon Crawl Stone Soup version 0.21.1-1-g345015fe64 (webtiles) character file.

1743 PikkenKukken the Skirmisher (level 9, -3/78 HPs)
             Began as a Hill Orc Fighter on May 5, 2018.
             Was a Follower of Beogh.
             Blown up by a wight (18 damage)
             ... with a wand of disintegration (10)
             ... on level 6 of the Dungeon.
             The game lasted 00:39:31 (7493 turns).

PikkenKukken the Skirmisher (Hill Orc Fighter)      Turns: 7493, Time: 00:39:31

Health: -3/78      AC: 11    Str: 22    XL:     9   Next: 6%
Magic:  9/9        EV:  3    Int:  8    God:    Beogh [*.....]
Gold:   306        SH: 14    Dex: 10    Spells: 8/8 levels left

rFire    . . .     SeeInvis .   a - +0 long sword
rCold    + . .     Gourm    .   u - +0 large shield
rNeg     . . .     Faith    .   s - +1 chain mail
rPois    .         Spirit   .   z - +0 helmet
rElec    .         Reflect  .   (no cloak)
rCorr    .         Harm     .   (no gloves)
MR       .....                  (no boots)
Stlth    ..........             (no amulet)
HPRegen  0.23/turn              x - ring of protection from cold
MPRegen  0.11/turn              (no ring)

@: berserk cooldown, slowed, heavily drained, very slow
A: no striking features
a: Renounce Religion


You were on level 6 of the Dungeon.
You worshipped Beogh.
Beogh was aware of your devotion.
You were not hungry.

You visited 1 branch of the dungeon, and saw 6 of its levels.

You collected 306 gold pieces.

Inventory:

Hand Weapons
 a - a +0 long sword (weapon)
 b - a +0 hunting sling
 l - a +1 spear of venom
 q - a +0 mace of protection
Missiles
 e - 135 stones (quivered)
 i - 20 sling bullets
Armour
 s - a +1 chain mail (worn)
 u - a +0 large shield (worn)
 z - a +0 helmet (worn)
Magical Staves
 y - an uncursed staff of earth {unknown}
Jewellery
 x - a ring of protection from cold (left hand)
Wands
 d - a wand of polymorph (11)
 k - a wand of iceblast (9)
 p - a wand of digging (11)
Scrolls
 m - 6 scrolls of teleportation
 n - a scroll of enchant weapon
 o - a scroll of remove curse
 r - a scroll of fog
 v - a scroll of immolation {unknown}
 w - a scroll of identify
Potions
 h - 2 potions of curing
 t - 3 potions of haste {unknown}
Books
 j - a book of Misfortune

   Spells                             Type                      Level
   a - Confusing Touch                Hexes                        1
   b - Confuse                        Hexes                        3
   c - Gell's Gravitas                Translocation                3
   d - Petrify                        Transmutation/Earth          4
   e - Metabolic Englaciation         Hexes/Ice                    5
   f - Yara's Violent Unravelling     Hexes/Transmutation          5
Comestibles
 f - 9 rations


   Skills:
 + Level 6.6(4.7) Fighting
 + Level 6.4(4.6) Long Blades
 + Level 4.2(2.5) Slings
 + Level 0.7(1.1) Throwing
 + Level 6.4(4.6) Armour
 + Level 1.1(0.0) Dodging
 + Level 0.1(0.0) Stealth
 + Level 5.8(4.0) Shields


You had 8 spell levels left.
You didn't know any spells.

Dungeon Overview and Level Annotations

Branches:
Dungeon (6/15)             Temple (0/1) D:5

Altars:
Elyvilon
Fedhas
Uskayaw
Vehumet
Yredelemnul


Message History

It is a wand of disintegration (11).
The wight throws a stone.
The stone hits you but does no damage.
You closely miss the wight. You block the wight's attack.
The wight hits you but does no damage.
You hit the wight.
The wight is lightly damaged.
The wight zaps a wand.
You are blasted!
* * * LOW HITPOINT WARNING * * *
You barely miss the wight.
The wight is lightly damaged.
The wight hits you with a scimitar.
* * * LOW HITPOINT WARNING * * *
You feel drained. You block the wight's attack.
You hit the wight.
The wight is moderately damaged.
You block the wight's attack.
You hit the wight.
The wight is severely damaged.
The wight zaps a wand.
You are blasted!
You die...

#..........##
##..........#
#.........## #...####.##
#...# ## #...# .
#...#### ...
#####...##.########..###
.....z.....(.zz@.......#
..........(...#####..#..
........(((((.# #
.####...##.#### #...####
#...# #...# #...# #...#


You could see 2 wights.

Vanquished Creatures
  The ghost of Emanloe the Skirmisher, a novice FoCK of Xom (D:5)
  The ghost of Freyura the Twirler, an amateur GrGl (D:4)
  An orc warrior (D:6)
  An ogre (D:5)
  Blork the orc (D:5)
  A scorpion (D:4)
  3 wights (D:6)
  A crimson imp (D:5)
  2 jellies
  An orc priest (D:5)
  A bullfrog zombie (D:5)
  A centaur skeleton (D:5)
  2 hounds (D:5)
  Natasha (twice) (D:4)
  Terence (D:3)
  2 orc wizards (D:4)
  4 worker ants
  A hound zombie (D:6)
  6 adders
  10 gnolls
  2 worms (D:2)
  4 dart slugs
  A leopard gecko (D:1)
  14 orcs
  4 giant cockroaches
  9 goblins
  8 hobgoblins
  2 quokkas
  3 ball pythons
  8 bats
  7 frilled lizards
  6 kobolds
  11 rats
122 creatures vanquished.

Vanquished Creatures (others)
  Natasha (D:4)
  An adder skeleton (D:4)
  An orc (D:4)
  A ball python (D:4)
  5 fungi (D:6)
9 creatures vanquished.

Grand Total: 131 creatures vanquished

Notes
Turn   | Place    | Note
-------+----------+-------------------------------------------
     0 | D:1      | PikkenKukken the Hill Orc Fighter began the quest for the Orb.
     0 | D:1      | Reached XP level 1. HP: 19/19 MP: 1/1
   175 | D:1      | Reached XP level 2. HP: 26/27 MP: 2/2
  1110 | D:2      | Reached XP level 3. HP: 24/33 MP: 3/3
  1721 | D:2      | Reached XP level 4. HP: 38/40 MP: 4/4
  1805 | D:2      | Reached skill level 1 in Slings
  1970 | D:2      | Found a blossoming altar of Fedhas.
  2873 | D:3      | Reached XP level 5. HP: 46/46 MP: 5/5
  3000 | D:3      | Noticed Terence
  3005 | D:3      | Killed Terence
  4029 | D:4      | Became a worshipper of Beogh the Brigand
  4055 | D:4      | Reached XP level 6. HP: 51/53 MP: 6/6
  4211 | D:4      | Noticed Natasha
  4229 | D:4      | Killed Natasha
  4422 | D:4      | Noticed Freyura's ghost (amateur GrGl)
  4711 | D:4      | Killed Freyura's ghost
  4711 | D:4      | Reached XP level 7. HP: 21/60 MP: 7/7
  4712 | D:4      | Killed Natasha
  4915 | D:4      | Noticed Natasha
  4920 | D:4      | Killed Natasha
  4920 | D:4      | Reached skill level 5 in Armour
  4961 | D:4      | Reached skill level 5 in Fighting
  5278 | D:4      | Found a basalt altar of Yredelemnul.
  5278 | D:4      | Found a white marble altar of Elyvilon.
  5279 | D:4      | Found a radiant altar of Vehumet.
  5393 | D:5      | Entered Level 5 of the Dungeon
  5410 | D:5      | Found a hide-covered altar of Uskayaw.
  5451 | D:5      | Found a staircase to the Ecumenical Temple.
  5473 | D:5      | Reached skill level 5 in Long Blades
  5630 | D:5      | Noticed Emanloe's ghost (novice FoCK)
  5650 | D:5      | Noticed Blork the orc
  5925 | D:5      | Killed Emanloe's ghost
  5925 | D:5      | Reached skill level 1 in Dodging
  5925 | D:5      | Reached skill level 5 in Shields
  5925 | D:5      | Reached XP level 8. HP: 23/70 MP: 8/8
  6361 | D:5      | Killed Blork the orc
  7224 | D:6      | Reached * piety under Beogh
  7468 | D:6      | Reached XP level 9. HP: 77/77 MP: 9/9
  7493 | D:6      | Blown up by a wight

Skill      XL: |  1  2  3  4  5  6  7  8 |
---------------+-------------------------+-----
Long Blades    | 3 4 5 6 |  6.4
Slings         | 1 2 3 4 |  4.2
Armour         | 4 6 |  6.4
Fighting       | 4 5 6 |  6.6
Shields        | 4 5 |  5.8
Dodging        | 1 |  1.1
Throwing       | |  0.7
Stealth        | |  0.1

Action                   |  1- 3 |  4- 6 |  7- 9 || total
-------------------------+-------+-------+-------++-------
Melee: Long sword        |    99 |   166 |   280 ||   545
 Fire: Hunting sling     |    28 |    77 |    64 ||   169
Throw: Stone             |     8 |       |       ||     8
Invok: Convert to Beogh  |       |     1 |       ||     1
  Use: Scroll            |       |     3 |     8 ||    11
       Potion            |       |     3 |     2 ||     5
  Eat: Chunk             |     3 |     5 |     2 ||    10
       Ration            |       |     2 |     2 ||     4
Armor: Scale mail        |    68 |    26 |       ||    94
       Chain mail        |       |    30 |   100 ||   130
Dodge: Dodged            |    42 |    44 |    32 ||   118
Block: Shield            |    42 |    76 |    44 ||   162
       Large shield      |       |       |   143 ||   143
       Rpst.: Long sword |    22 |     5 |     9 ||    36
